 Dungeon Crawl Stone Soup version 0.23.2-1-ga50397a (webtiles) character file.

Game seed: 18043690340812877886

312 Magicfruit the Poker (level 6, 0/38 HPs)
             Began as a Tengu Monk on May 26, 2019.
             Was a Believer of Vehumet.
             Slain by an iguana (10 damage)
             ... on level 4 of the Dungeon.
             The game lasted 00:18:02 (3260 turns).

Magicfruit the Poker (Tengu Monk)                   Turns: 3260, Time: 00:18:03

Health: 0/38       AC:  4    Str: 12    XL:     6   Next: 42%
Magic:  4/10       EV: 15    Int: 11    God:    Vehumet [**....]
Gold:   112        SH:  0    Dex: 17    Spells: 5/9 levels left

rFire    . . .     SeeInvis +   a - +1 spear
rCold    . . .     Gourm    .   (no shield)
rNeg     . . .     Faith    .   n - +1 robe {MR+}
rPois    .         Spirit   .   (helmet restricted)
rElec    .         Reflect  .   d - +0 cloak
rCorr    .         Harm     .   (no gloves)
MR       ++...                  (boots unavailable)
Stlth    ++........             (no amulet)
HPRegen  0.12/turn              h - ring of see invisible
MPRegen  0.12/turn              m - ring of protection from magic

@: no status effects
A: beak, talons 3, able to fly
a: Fly, Renounce Religion


You were on level 4 of the Dungeon.
You worshipped Vehumet.
Vehumet was pleased with you.
You were not hungry.

You visited 1 branch of the dungeon, and saw 4 of its levels.

You collected 112 gold pieces.

Inventory:

Hand Weapons
 a - a +1 spear (weapon)
 k - a +0 hunting sling
Missiles
 j - 36 stones (quivered)
Armour
 b - a +0 robe
 d - a +0 cloak (worn)
 n - a +1 robe of magic resistance (worn)
Jewellery
 h - a ring of see invisible (left hand)
 m - a ring of protection from magic (right hand)
 p - an uncursed ring of wizardry {unknown}
Wands
 l - a wand of iceblast (7)
Scrolls
 e - a scroll of identify
 f - a scroll of teleportation
 g - 2 scrolls of immolation
 i - a scroll of blinking
Potions
 o - a potion of might {unknown}
Comestibles
 c - 5 rations


   Skills:
 + Level 3.8 Fighting
 + Level 4.6 Polearms
 + Level 4.6 Dodging
 + Level 3.0 Stealth
 + Level 2.0 Spellcasting
 + Level 1.5 Conjurations
 + Level 0.7 Earth Magic


You had 5 spell levels left.
You knew the following spells:

 Your Spells              Type           Power        Failure   Level  Hunger
a - Sandblast             Erth           #.....       22%         1    ##.....
b - Magic Dart            Conj           #...         16%         1    ##.....
c - Throw Frost           Conj/Ice       #.....       32%         2    ###....

Your spell library contained the following spells:

 Spells                   Type           Power        Failure   Level  Hunger


Dungeon Overview and Level Annotations

Branches:
Dungeon (4/15)
 Temple: D:4-7

Altars:
Kikubaaqudgha
Sif Muna
Trog
Vehumet


Innate Abilities, Weirdness & Mutations

You have a beak for a mouth.
You have claws for feet.
You can fly continuously.


Message History

You closely miss the iguana. You claw the iguana, but do no damage.
The iguana is moderately wounded.
The iguana bites you.
You barely miss the iguana. You claw the iguana, but do no damage.
The iguana is moderately wounded.
The iguana bites you!
You hit the iguana. Your peck misses the iguana.
The iguana is heavily wounded.
The iguana misses you.
You hit the iguana. Your kick misses the iguana.
The iguana is severely wounded.
The iguana closely misses you.
You hit the iguana. You claw the iguana, but do no damage.
You peck the iguana, but do no damage.
The iguana is severely wounded.
The iguana bites you.
* * * LOW HITPOINT WARNING * * *
The orc wizard shouts!
The iguana bites you!
You die...

##### #.>.# #≈≈≈#
#...# ...#
#########)###
##.>...#.8.8.#
##......#l@_..# ##
#.......##...##..#
#........##.##...#
#................#
#####................#
#...#................#
#...#................#
#...##..............##
#...##.......#.....##


You could see an iguana.

Vanquished Creatures
  A howler monkey (D:4)
  A hound (D:4)
  An orc wizard (D:4)
  Jessica (D:3)
  Robin (D:3)
  4 gnolls (D:4)
  6 adders
  2 worms
  4 dart slugs
  A leopard gecko (D:3)
  2 orcs (D:3)
  5 giant cockroaches
  9 goblins
  8 hobgoblins
  2 quokkas
  A ball python (D:2)
  A ball python skeleton (D:4)
  13 bats
  6 frilled lizards
  5 kobolds
  A quokka zombie (D:3)
  9 rats
84 creatures vanquished.

Notes
Turn   | Place    | Note
-------+----------+-------------------------------------------
     0 | D:1      | Magicfruit the Tengu Monk began the quest for the Orb.
     0 | D:1      | Reached XP level 1. HP: 14/14 MP: 2/2
   134 | D:1      | Reached XP level 2. HP: 18/19 MP: 3/3
   570 | D:2      | Reached XP level 3. HP: 20/23 MP: 4/4
   795 | D:2      | Found an ancient bone altar of Kikubaaqudgha.
   799 | D:2      | Found a deep blue altar of Sif Muna.
   802 | D:2      | Found a radiant altar of Vehumet.
   808 | D:2      | Identified Vehumet's Reference Book on Conjuration
   821 | D:2      | Became a worshipper of Vehumet
   821 | D:2      | Reached * piety under Vehumet
   821 | D:2      | Offered knowledge of Sandblast by Vehumet.
   821 | D:2      | Reached ** piety under Vehumet
   824 | D:2      | Learned a level 1 spell: Sandblast
   826 | D:2      | Learned a level 1 spell: Magic Dart
   855 | D:2      | Offered knowledge of Sting by Vehumet.
  1064 | D:2      | Reached XP level 4. HP: 16/28 MP: 0/5
  1497 | D:3      | Noticed Jessica
  1502 | D:3      | Killed Jessica
  1585 | D:3      | Gained mutation: You can fly continuously. [Tengu growth]
  1585 | D:3      | Reached XP level 5. HP: 10/32 MP: 2/7
  1870 | D:3      | Reached skill level 1 in Spellcasting
  1894 | D:3      | Reached skill level 1 in Conjurations
  2174 | D:3      | Noticed Robin
  2200 | D:3      | Killed Robin
  2558 | D:4      | Offered knowledge of Throw Frost by Vehumet.
  2562 | D:4      | Learned a level 2 spell: Throw Frost
  2603 | D:4      | Reached XP level 6. HP: 14/38 MP: 6/9
  2805 | D:4      | Found a bloodstained altar of Trog.
  3103 | D:4      | Found a deep blue altar of Sif Muna.
  3260 | D:4      | Slain by an iguana

Skill      XL: |  1  2  3  4  5  6 |
---------------+-------------------+-----
Dodging        | 4 |  4.6
Polearms       | 4 |  4.6
Spellcasting   | 1 2 |  2.0
Conjurations   | 1 |  1.5
Stealth        | 3 |  3.0
Fighting       | |  3.8
Earth Magic    | |  0.7

Action                   |  1- 3 |  4- 6 || total
-------------------------+-------+-------++-------
Melee: Spear             |    79 |   130 ||   209
       Kick              |    13 |    36 ||    49
       Peck              |    13 |    22 ||    35
 Cast: Magic Dart        |     6 |    54 ||    60
       Sandblast         |       |    22 ||    22
       Throw Frost       |       |     4 ||     4
  Use: Scroll            |     6 |     3 ||     9
       Potion            |     1 |     1 ||     2
 Stab: Sleeping          |     3 |     1 ||     4
  Eat: Ration            |     1 |     3 ||     4
Armor: Robe              |    28 |    23 ||    51
Dodge: Dodged            |    91 |    97 ||   188
